 Dungeon Crawl Stone Soup version 0.29.0-4-gdea44cf6ec (webtiles) character file.

Game seed: 9334908297256900671

17876 qw the Brawler (level 12, -2/118 HPs)
             Began as a Troll Cinder Acolyte on Sept 1, 2022.
             Was a Follower of Okawaru.
             Slain by a hog (4 damage)
             ... led by Kirke
             ... on level 3 of the Lair of Beasts.
             The game lasted 00:06:00 (10991 turns).

qw the Brawler (Troll Cinder Acolyte)              Turns: 10991, Time: 00:06:00

Health: -2/118     AC:  0    Str: 29    XL:     12   Next: 22%
Magic:  12/12      EV: 13    Int: 10    God:    Okawaru [*.....]
Gold:   671        SH:  5    Dex:  5    Spells: 13/13 levels left

rFire   . . .      SeeInvis .     - Unarmed
rCold   . . .      Faith    .   (shield currently unavailable)
rNeg    . . .      Spirit   .   (body armour currently unavailable)
rPois   .          Reflect  +   (helmet currently unavailable)
rElec   .          Harm     .   (cloak currently unavailable)
rCorr   .          Rampage  .   (gloves unavailable)
Will    .....                   (boots unavailable)
Stlth   +.........              d - amulet of reflection
HPRegen 1.09/turn               (ring currently unavailable)
MPRegen 0.13/turn               (ring currently unavailable)

@: about to teleport, pig-form, slowed, fire susceptible
A: fast, no casting, small, unfitting armour, (claws 3), regeneration 1, (shaggy
fur 1), (tough skin 1), subdued magic 1
a: Renounce Religion, Heroism


You were on level 3 of the Lair of Beasts.
You worshipped Okawaru.
Okawaru was aware of your devotion.
You were a filthy swine.
You visited 3 branches of the dungeon, and saw 13 of its levels.

You collected 671 gold pieces.


Innate Abilities, Weirdness & Mutations

You are a filthy swine.
You move quickly.
Your equipment is almost entirely melded.
You are incapable of wielding weapons or throwing items.
You cannot cast spells.
You are too large for most types of armour.
((You have claws for hands.))
Your natural rate of healing is unusually fast.
((You are covered in fur. (AC +1)))
((You have tough skin. (AC +1)))
Your spells are a little easier to cast, but a little less powerful.


   Skills:
 - Level 7.0 Fighting
 - Level 4.1 Throwing
 - Level 3.1 Armour
 - Level 2.1 Dodging
 + Level 17.1 Unarmed Combat
 - Level 1.0 Spellcasting
 - Level 2.1 Fire Magic
 + Level 2.3 Invocations


You had 13 spell levels left.
You didn't know any spells.
Your spell library contained the following spells:

 Spells                   Type           Power      Damage    Failure   Level
 Scorch                   Fire           6%         2d5       19%         2

Inventory:

Missiles
 m - 6 boomerangs (quivered)
Armour
 j - a +0 cloak (melded)
 v - +1 acid dragon scales (melded)
Jewellery
 c - a +6 ring of dexterity
 d - an amulet of reflection (around neck)
 e - a ring of protection from fire
 o - a +4 ring of slaying (melded) {mikee}
 p - a ring of see invisible (melded)
 t - a ring of ice
Scrolls
 a - a scroll of identify
 i - a scroll of teleportation
Potions
 b - a potion of invisibility {unknown}
 f - 3 potions of might
 g - 5 potions of curing
 l - a potion of magic {unknown}
 q - a potion of haste
 s - 3 potions of mutation

Dungeon Overview and Level Annotations

Branches:
Dungeon (9/15)             Temple (1/1) D:5            Lair (3/5) D:9
  Snake (0/4) Lair:3
  Swamp: Lair:2-3    Shoals: Lair:2-3       Orc: D:9-12

Altars:
Ashenzari
Cheibriados
Elyvilon
Fedhas
Kikubaaqudgha
Makhleb
Okawaru
Ru
Trog
Uskayaw
Vehumet
Wu Jian
Xom
Yredelemnul
The Shining One
Jiyva

Shops:
D:2 (

Annotations:
D:8 2 transporters
Lair:3 Kirke


Message History

The hog bites something!
You hit something. Something hits you.
The hog bites something!
You hit something. Something barely misses you.
The hog bites something.
You closely miss something.
The hog bites something!
Something hits you!
You bite something!
The hog bites something.
Something hits you!
You bite something! Something hits you!
You bite the hog!
The hog is moderately wounded.
Something hits you. The hog misses you.
You hit the hog but do no damage.
The hog is moderately wounded.
The hog bites you. The hog closely misses you. Something hits you.
You completely miss the hog.
The hog is moderately wounded.
The hog bites you. You block the hog's attack.
You hit the hog.
The hog is moderately wounded.
The hog barely misses you. Something hits you! The hog misses you.
You bite the hog!
The hog is heavily wounded.
The hog barely misses you. Something hits you! The hog barely misses you.
You hit the hog.
The hog is severely wounded.
You feel like a meek peon again. The hog bites you! The hog closely misses you.
Something hits you!
10990 ||| READING 2 scrolls of teleportation.
As you read the scroll of teleportation, it crumbles to dust.
You feel strangely unstable. The hog closely misses you. The hog bites you!
You hear some strange, mumbled words.
You feel yourself slow down.
10991 ||| DRINKING potion of heal wounds.
You feel much better.
The hog bites you! x3; Something hits you!!
The hog bites you.
You die...

.....##.....#
......+.....#
.....#.....)## .
#....<......... ..
#....##........ ...
####.##....#### ....
.........).#########... .
...........##.##.#..#...h
................h{%..%..(
................hh.......
.........................
........................#
.P....##.................
.#...P#........#.+.##..##
###.P##.......##P.#.#..##
##...###...........##...
##...###...............#


You could see 2 hogs.

Vanquished Creatures
  2 hydras
  A death yak (Lair:1)
  A lindwurm (Lair:3)
  Joseph (D:7)
  Maggie (D:9)
  3 black mambas
  4 cane toads
  A torpor snail (Lair:1)
  2 rime drakes
  3 komodo dragons (Lair:1)
  2 hornets
  Prince Ribbit (Lair:3)
  2 polar bears
  Grinder (D:6)
  10 blink frogs
  A wraith (D:9)
  Eustachio (D:6)
  5 hogs (Lair:3)
  4 wyverns
  6 yaks
  A basilisk (Lair:1)
  4 nagas (Lair:3)
  6 water moccasins
  Duvessa (D:7)
  3 orc warriors
  An ice beast (D:7)
  A black bear (Lair:1)
  6 wolves
  3 centaurs
  2 phantoms (D:6)
  2 kobold brigands (D:9)
  A gnoll sergeant (D:6)
  7 bullfrogs
  4 scorpions
  12 wights
  Dowan (D:7)
  8 killer bees
  4 howler monkeys
  A gnoll bouda (D:9)
  5 hounds
  3 jellies
  5 orc priests
  2 iguanas
  14 orc wizards
  Robin (D:2)
  10 gnolls
  5 adders
  A shadow imp (D:7)
  13 white imps
  2 ufetubi
  4 worms
  5 dart slugs
  31 orcs
  4 ball pythons
  A bat zombie (D:8)
  6 endoplasms
  3 giant cockroaches (D:1)
  14 goblins
  14 hobgoblins
  9 jackals
  15 kobolds
  5 quokkas
  6 bats
  4 frilled lizards
  4 rats
  A rat zombie (D:8)
307 creatures vanquished.

Vanquished Creatures (others)
  17 fungi
  21 plants
38 creatures vanquished.

Grand Total: 345 creatures vanquished

Notes
Turn   | Place    | Note
-------+----------+-------------------------------------------
     0 | D:1      | qw the Troll Cinder Acolyte began the quest for the Orb.
     0 | D:1      | Reached XP level 1. HP: 22/22 MP: 1/1
     0 | D:1      | 0 ||| qw: Version: 0.1-a-97-g2dd2ca4
     0 | D:1      | 0 ||| qw: Game counter: 4812
     0 | D:1      | 0 ||| qw: Always use a shield: true
     0 | D:1      | 0 ||| qw: God list: Okawaru
     0 | D:1      | 0 ||| qw: Allow faded altars: false
     0 | D:1      | 0 ||| qw: Do Orc after D:15 true
     0 | D:1      | 0 ||| qw: Do second Lair branch before Depths: true
     0 | D:1      | 0 ||| qw: Lair rune preference: random
     0 | D:1      | 0 ||| qw: Plans: Normal
     0 | D:1      | 0 ||| PLANNING D:1-11
    71 | D:1      | Found a faded altar of an unknown god.
   216 | D:1      | 216 ||| Stepping ~*~*~tactically~*~*~ (hiding).
   224 | D:1      | Reached XP level 2. HP: 29/29 MP: 2/2
   383 | D:1      | 383 ||| Stepping ~*~*~tactically~*~*~ (stealth).
   403 | D:1      | 403 ||| Stepping ~*~*~tactically~*~*~ (stealth).
   404 | D:1      | 404 ||| Stepping ~*~*~tactically~*~*~ (stealth).
   405 | D:1      | 405 ||| Stepping ~*~*~tactically~*~*~ (stealth).
   410 | D:1      | 410 ||| Stepping ~*~*~tactically~*~*~ (outnumbered).
   448 | D:1      | Reached skill level 4 in Unarmed Combat
   566 | D:1      | 566 ||| Stepping ~*~*~tactically~*~*~ (stealth).
   567 | D:1      | 567 ||| Stepping ~*~*~tactically~*~*~ (stealth).
   578 | D:1      | Reached XP level 3. HP: 36/36 MP: 3/3
   923 | D:1      | 923 ||| UPGRADING to amulet of reflection.
   928 | D:1      | 928 ||| READING scroll labelled REOFUU SOQIOL.
   929 | D:1      | 929 ||| READING scroll labelled YCSEDEM DUDUUQ.
   930 | D:1      | 930 ||| READING 3 scrolls labelled ASTROE GECW.
   931 | D:1      | 931 ||| READING scroll labelled ZEXZOR MOLA.
   932 | D:1      | 932 ||| DRINKING 2 inky potions.
   933 | D:1      | 933 ||| DROPPING 2 scrolls of noise.
  1049 | D:2      | 1049 ||| Stepping ~*~*~tactically~*~*~ (stealth).
  1158 | D:2      | 1158 ||| Stepping ~*~*~tactically~*~*~ (stealth).
  1215 | D:2      | Found Sujy's Weapon Emporium.
  1261 | D:2      | 1261 ||| Stepping ~*~*~tactically~*~*~ (stealth).
  1267 | D:2      | 1267 ||| Stepping ~*~*~tactically~*~*~ (stealth).
  1269 | D:2      | 1269 ||| INVOKING Fiery Armour.
  1270 | D:2      | 1270 ||| Stepping ~*~*~tactically~*~*~ (outnumbered).
  1272 | D:2      | 1272 ||| Stepping ~*~*~tactically~*~*~ (outnumbered).
  1279 | D:2      | Reached XP level 4. HP: 39/44 MP: 4/4
  1280 | D:2      | Reached skill level 5 in Unarmed Combat
  1424 | D:2      | 1424 ||| Stepping ~*~*~tactically~*~*~ (stealth).
  1453 | D:2      | 1453 ||| UPGRADING to +0 cloak.
  1458 | D:2      | 1458 ||| READING 2 scrolls labelled DEOQUGREOVA.
  1459 | D:2      | 1459 ||| READING 2 scrolls labelled MUC WERHEU.
  1464 | D:2      | 1464 ||| READING scroll labelled EVARUSK SEVUPP.
  1465 | D:2      | 1465 ||| DROPPING scroll of fear.
  1479 | D:3      | 1479 ||| Stepping ~*~*~tactically~*~*~ (stealth).
  1480 | D:3      | 1480 ||| Stepping ~*~*~tactically~*~*~ (stealth).
  1481 | D:3      | 1481 ||| FLEEEEING.
  1482 | D:3      | 1482 ||| STAIRDANCE
  1500 | D:3      | 1500 ||| STAIRDANCE
  1514 | D:3      | 1514 ||| STAIRDANCE
  1548 | D:3      | 1548 ||| STAIRDANCE
  1574 | D:3      | Noticed Robin
  1575 | D:3      | 1575 ||| STAIRDANCE
  1590 | D:3      | 1590 ||| STAIRDANCE
  1598 | D:3      | 1598 ||| STAIRDANCE
  1609 | D:2      | Killed Robin
  1619 | D:3      | 1619 ||| INVOKING Fiery Armour.
  1622 | D:3      | Reached XP level 5. HP: 42/50 MP: 5/5
  1629 | D:3      | Reached skill level 6 in Unarmed Combat
  1643 | D:3      | Found a broken altar of Ashenzari.
  1724 | D:3      | 1724 ||| Stepping ~*~*~tactically~*~*~ (stealth).
  1925 | D:3      | 1925 ||| Stepping ~*~*~tactically~*~*~ (hiding).
  2197 | D:3      | Identified the +0 robe "Odurch" {Rampage rPois Dex-2}
  2204 | D:3      | 2204 ||| Stepping ~*~*~tactically~*~*~ (stealth).
  2213 | D:3      | 2213 ||| Stepping ~*~*~tactically~*~*~ (stealth).
  2214 | D:3      | 2214 ||| Stepping ~*~*~tactically~*~*~ (stealth).
  2215 | D:3      | 2215 ||| Stepping ~*~*~tactically~*~*~ (stealth).
  2216 | D:3      | 2216 ||| Stepping ~*~*~tactically~*~*~ (stealth).
  2220 | D:3      | 2220 ||| Stepping ~*~*~tactically~*~*~ (stealth).
  2344 | D:3      | 2344 ||| UPGRADING to +2 robe of positive energy.
  2354 | D:3      | 2354 ||| DROPPING +0 robe.
  2355 | D:3      | 2355 ||| DROPPING amulet of guardian spirit.
  2356 | D:3      | 2356 ||| READING scroll labelled ROPEIV ZYKKYTE.
  2378 | D:3      | 2378 ||| DRINKING 4 lumpy amethyst potions.
  2379 | D:3      | 2379 ||| DROPPING 3 potions of flight.
  2495 | D:4      | Reached XP level 6. HP: 56/59 MP: 6/6
  2505 | D:4      | 2505 ||| Stepping ~*~*~tactically~*~*~ (outnumbered).
  2506 | D:4      | 2506 ||| Stepping ~*~*~tactically~*~*~ (outnumbered).
  2507 | D:4      | 2507 ||| Stepping ~*~*~tactically~*~*~ (outnumbered).
  2508 | D:4      | 2508 ||| Stepping ~*~*~tactically~*~*~ (outnumbered).
  2509 | D:4      | 2509 ||| Stepping ~*~*~tactically~*~*~ (outnumbered).
  2510 | D:4      | 2510 ||| Stepping ~*~*~tactically~*~*~ (outnumbered).
  2511 | D:4      | 2511 ||| Stepping ~*~*~tactically~*~*~ (outnumbered).
  2512 | D:4      | 2512 ||| Stepping ~*~*~tactically~*~*~ (outnumbered).
  2513 | D:4      | 2513 ||| Stepping ~*~*~tactically~*~*~ (outnumbered).
  2516 | D:4      | 2516 ||| Stepping ~*~*~tactically~*~*~ (outnumbered).
  2517 | D:4      | 2517 ||| Stepping ~*~*~tactically~*~*~ (outnumbered).
  2537 | D:4      | Reached skill level 7 in Unarmed Combat
  3164 | D:4      | 3164 ||| Stepping ~*~*~tactically~*~*~ (stealth).
  3180 | D:4      | Reached skill level 8 in Unarmed Combat
  3180 | D:4      | Reached XP level 7. HP: 66/66 MP: 7/7
  3298 | D:4      | 3298 ||| READING 2 scrolls of identify.
  3298 | D:4      | 3298 ||| IDENTIFYING purple potion
  3299 | D:4      | 3299 ||| DROPPING potion of degeneration.
  3351 | D:5      | Entered Level 5 of the Dungeon
  3395 | D:5      | Reached skill level 3 in Fighting
  3425 | D:5      | You fall into a shaft and drop 3 floors!
  3466 | D:7      | 3466 ||| Stepping ~*~*~tactically~*~*~ (stealth).
  3469 | D:7      | 3469 ||| Stepping ~*~*~tactically~*~*~ (stealth).
  3477 | D:7      | 3477 ||| INVOKING Fiery Armour.
  3494 | D:7      | 3494 ||| Stepping ~*~*~tactically~*~*~ (stealth).
  3523 | D:7      | 3523 ||| Stepping ~*~*~tactically~*~*~ (stealth).
  3624 | D:6      | Reached skill level 9 in Unarmed Combat
  3655 | D:6      | Noticed Eustachio
  3659 | D:6      | 3659 ||| Stepping ~*~*~tactically~*~*~ (outnumbered).
  3661 | D:6      | 3661 ||| Stepping ~*~*~tactically~*~*~ (outnumbered).
  3662 | D:6      | 3662 ||| Stepping ~*~*~tactically~*~*~ (outnumbered).
  3663 | D:6      | 3663 ||| Stepping ~*~*~tactically~*~*~ (outnumbered).
  3674 | D:6      | 3674 ||| INVOKING Fiery Armour.
  3675 | D:6      | 3675 ||| Stepping ~*~*~tactically~*~*~ (outnumbered).
  3678 | D:6      | 3678 ||| Stepping ~*~*~tactically~*~*~ (outnumbered).
  3687 | D:6      | 3687 ||| Stepping ~*~*~tactically~*~*~ (outnumbered).
  3689 | D:6      | Killed Eustachio
  3690 | D:6      | Reached XP level 8. HP: 75/75 MP: 8/8
  3699 | D:6      | 3699 ||| Stepping ~*~*~tactically~*~*~ (stealth).
  3702 | D:6      | 3702 ||| Stepping ~*~*~tactically~*~*~ (stealth).
  3708 | D:6      | 3708 ||| Stepping ~*~*~tactically~*~*~ (stealth).
  3709 | D:6      | 3709 ||| Stepping ~*~*~tactically~*~*~ (stealth).
  3825 | D:6      | 3825 ||| READING scroll labelled KOOTHR DIFASISCH.
  4119 | D:5      | 4119 ||| Stepping ~*~*~tactically~*~*~ (outnumbered).
  4180 | D:5      | Reached skill level 1 in Throwing
  4223 | D:5      | Found a staircase to the Ecumenical Temple.
  4425 | D:5      | 4425 ||| UPGRADING to +6 ring of dexterity.
  4426 | D:5      | 4426 ||| UPGRADING to +0 robe "Odurch" {Rampage rPois
                  | Dex-2}.
  4436 | D:5      | 4436 ||| UPGRADING to +4 ring of slaying {mikee}.
  4437 | D:5      | 4437 ||| READING 2 scrolls labelled FOSSAO CESAR.
  4438 | D:5      | 4438 ||| READING scroll labelled PUH WENACYC.
  4439 | D:5      | 4439 ||| DROPPING scroll of poison.
  4627 | D:6      | 4627 ||| Stepping ~*~*~tactically~*~*~ (outnumbered).
  4629 | D:6      | 4629 ||| Stepping ~*~*~tactically~*~*~ (outnumbered).
  4632 | D:6      | Reached skill level 10 in Unarmed Combat
  4732 | D:6      | 4732 ||| Stepping ~*~*~tactically~*~*~ (stealth).
  4734 | D:6      | 4734 ||| Stepping ~*~*~tactically~*~*~ (stealth).
  4983 | D:6      | 4983 ||| Stepping ~*~*~tactically~*~*~ (stealth).
  5151 | D:6      | Noticed Grinder
  5159 | D:6      | Killed Grinder
  5327 | D:6      | 5327 ||| DROPPING ring of positive energy.
  5328 | D:6      | 5328 ||| DRINKING 2 ruby potions.
  5329 | D:6      | 5329 ||| READING 2 scrolls of identify.
  5329 | D:6      | 5329 ||| IDENTIFYING coppery potion
  5330 | D:6      | 5330 ||| DROPPING potion of brilliance.
  5369 | D:7      | Reached XP level 9. HP: 72/84 MP: 9/9
  5385 | D:7      | Noticed Joseph
  5386 | D:7      | 5386 ||| INVOKING Fiery Armour.
  5390 | D:7      | 5390 ||| Stepping ~*~*~tactically~*~*~ (outnumbered).
  5394 | D:7      | 5394 ||| Stepping ~*~*~tactically~*~*~ (outnumbered).
  5401 | D:7      | Reached skill level 11 in Unarmed Combat
  5405 | D:7      | Killed Joseph
  5406 | D:7      | 5406 ||| READING 2 scrolls of teleportation.
  5406 | D:7      | HP: 21/84 [poisoned by a hornet]
  5480 | D:7      | Noticed Duvessa
  5480 | D:7      | Noticed Dowan
  5481 | D:7      | 5481 ||| INVOKING Fiery Armour.
  5486 | D:7      | Killed Duvessa
  5487 | D:7      | Killed Dowan
  5491 | D:7      | 5491 ||| Stepping ~*~*~tactically~*~*~ (outnumbered).
  5501 | D:7      | 5501 ||| FLEEEEING.
  5502 | D:7      | 5502 ||| FLEEEEING.
  5503 | D:7      | 5503 ||| FLEEEEING.
  5504 | D:7      | 5504 ||| FLEEEEING.
  5505 | D:7      | 5505 ||| FLEEEEING.
  5506 | D:7      | 5506 ||| FLEEEEING.
  5507 | D:7      | 5507 ||| FLEEEEING.
  5508 | D:7      | 5508 ||| FLEEEEING.
  5509 | D:7      | 5509 ||| STAIRDANCE
  5671 | D:7      | 5671 ||| Stepping ~*~*~tactically~*~*~ (stealth).
  5673 | D:7      | 5673 ||| Stepping ~*~*~tactically~*~*~ (stealth).
  5684 | D:7      | Reached skill level 12 in Unarmed Combat
  5694 | D:7      | 5694 ||| Stepping ~*~*~tactically~*~*~ (hiding).
  5853 | D:7      | 5853 ||| INVOKING Fiery Armour.
  6116 | D:7      | 6116 ||| DROPPING +6 ring of intelligence.
  6153 | D:8      | 6153 ||| STAIRDANCE
  6274 | D:8      | 6274 ||| Stepping ~*~*~tactically~*~*~ (outnumbered).
  6276 | D:8      | 6276 ||| Stepping ~*~*~tactically~*~*~ (outnumbered).
  6277 | D:8      | 6277 ||| Stepping ~*~*~tactically~*~*~ (outnumbered).
  6325 | D:8      | Found a viscous altar of Jiyva.
  6335 | D:8      | Reached XP level 10. HP: 95/96 MP: 10/10
  6520 | D:8      | 6520 ||| Stepping ~*~*~tactically~*~*~ (hiding).
  6529 | D:8      | 6529 ||| Stepping ~*~*~tactically~*~*~ (stealth).
  6611 | D:8      | 6611 ||| Stepping ~*~*~tactically~*~*~ (hiding).
  6614 | D:8      | 6614 ||| Stepping ~*~*~tactically~*~*~ (hiding).
  6796 | D:8      | Found a transporter.
  6799 | D:8      | Found a transporter.
  6911 | D:8      | Found an ancient bone altar of Kikubaaqudgha.
  7038 | D:8      | 7038 ||| DROPPING ring of flight.
  7039 | D:8      | 7039 ||| READING 2 scrolls of identify.
  7039 | D:8      | 7039 ||| IDENTIFYING murky red potion
  7040 | D:8      | 7040 ||| DROPPING potion of berserk rage.
  7090 | D:9      | 7090 ||| Stepping ~*~*~tactically~*~*~ (hiding).
  7093 | D:9      | 7093 ||| Stepping ~*~*~tactically~*~*~ (hiding).
  7111 | D:9      | 7111 ||| Stepping ~*~*~tactically~*~*~ (stealth).
  7121 | D:9      | 7121 ||| FLEEEEING.
  7122 | D:9      | 7122 ||| FLEEEEING.
  7123 | D:9      | 7123 ||| FLEEEEING.
  7124 | D:9      | 7124 ||| FLEEEEING.
  7129 | D:9      | 7129 ||| Stepping ~*~*~tactically~*~*~ (hiding).
  7179 | D:9      | Reached skill level 13 in Unarmed Combat
  7199 | D:9      | 7199 ||| INVOKING Fiery Armour.
  7201 | D:9      | Reached skill level 1 in Armour
  7265 | D:9      | 7265 ||| Stepping ~*~*~tactically~*~*~ (stealth).
  7283 | D:9      | Found a staircase to the Lair.
  7476 | D:9      | 7476 ||| Stepping ~*~*~tactically~*~*~ (stealth).
  7558 | D:9      | Noticed Maggie
  7569 | D:9      | Killed Maggie
  7964 | D:9      | 7964 ||| PLANNING LAIR
  7964 | D:9      | 7964 ||| DROPPING +2 robe of positive energy.
  7965 | D:9      | 7965 ||| DROPPING +0 robe of cold resistance.
  7966 | D:9      | 7966 ||| UPGRADING to +0 acid dragon scales.
  7976 | D:9      | 7976 ||| DROPPING +0 robe "Odurch" {Rampage rPois Dex-2}.
  7977 | D:9      | 7977 ||| UPGRADING to ring of see invisible.
  7979 | D:9      | 7979 ||| READING scroll labelled JUAPTA DYTEHE.
  8080 | D:9      | 8080 ||| DRINKING 3 metallic puce potions.
  8080 | D:9      | Gained mutation: Your spells are a little easier to cast,
                  | but a little less powerful. [potion of mutation]
  8081 | D:9      | 8081 ||| READING 2 scrolls of identify.
  8081 | D:9      | 8081 ||| IDENTIFYING grey potion
  8082 | D:9      | 8082 ||| DROPPING potion of attraction.
  8100 | Lair:1   | Entered Level 1 of the Lair of Beasts
  8118 | Lair:1   | Reached skill level 14 in Unarmed Combat
  8189 | Lair:1   | 8189 ||| Stepping ~*~*~tactically~*~*~ (stealth).
  8241 | Lair:1   | Reached skill level 6 in Fighting
  8337 | Lair:1   | Noticed an eight-headed hydra
  8338 | Lair:1   | 8338 ||| INVOKING Fiery Armour.
  8343 | Lair:1   | Killed a ten-headed hydra
  8344 | Lair:1   | Reached XP level 11. HP: 105/105 MP: 11/11
  8397 | Lair:1   | 8397 ||| Stepping ~*~*~tactically~*~*~ (stealth).
  8416 | Lair:1   | Reached skill level 15 in Unarmed Combat
  8616 | Lair:1   | Reached skill level 3 in Armour
  8627 | Lair:1   | Noticed a death yak
  8628 | Lair:1   | 8628 ||| INVOKING Fiery Armour.
  8630 | Lair:1   | 8630 ||| Stepping ~*~*~tactically~*~*~ (stealth).
  8634 | Lair:1   | Killed a death yak
  9113 | Lair:1   | 9113 ||| READING scroll labelled GUOQ NUSAL.
  9114 | Lair:1   | 9114 ||| DRINKING 2 yellow potions.
  9254 | Lair:2   | 9254 ||| Stepping ~*~*~tactically~*~*~ (stealth).
  9261 | Lair:2   | 9261 ||| Stepping ~*~*~tactically~*~*~ (outnumbered).
  9262 | Lair:2   | 9262 ||| Stepping ~*~*~tactically~*~*~ (outnumbered).
  9263 | Lair:2   | 9263 ||| Stepping ~*~*~tactically~*~*~ (outnumbered).
  9264 | Lair:2   | 9264 ||| Stepping ~*~*~tactically~*~*~ (outnumbered).
  9265 | Lair:2   | 9265 ||| Stepping ~*~*~tactically~*~*~ (outnumbered).
  9269 | Lair:2   | 9269 ||| FLEEEEING.
  9272 | Lair:2   | 9272 ||| Stepping ~*~*~tactically~*~*~ (outnumbered).
  9273 | Lair:2   | 9273 ||| Stepping ~*~*~tactically~*~*~ (outnumbered).
  9274 | Lair:2   | 9274 ||| Stepping ~*~*~tactically~*~*~ (outnumbered).
  9275 | Lair:2   | 9275 ||| Stepping ~*~*~tactically~*~*~ (outnumbered).
  9276 | Lair:2   | 9276 ||| STAIRDANCE
  9278 | Lair:1   | 9278 ||| Stepping ~*~*~tactically~*~*~ (outnumbered).
  9279 | Lair:1   | 9279 ||| Stepping ~*~*~tactically~*~*~ (outnumbered).
  9280 | Lair:1   | 9280 ||| Stepping ~*~*~tactically~*~*~ (outnumbered).
  9281 | Lair:1   | 9281 ||| Stepping ~*~*~tactically~*~*~ (outnumbered).
  9282 | Lair:1   | 9282 ||| Stepping ~*~*~tactically~*~*~ (outnumbered).
  9283 | Lair:1   | 9283 ||| Stepping ~*~*~tactically~*~*~ (outnumbered).
  9284 | Lair:1   | 9284 ||| Stepping ~*~*~tactically~*~*~ (outnumbered).
  9285 | Lair:1   | 9285 ||| Stepping ~*~*~tactically~*~*~ (outnumbered).
  9286 | Lair:1   | 9286 ||| Stepping ~*~*~tactically~*~*~ (outnumbered).
  9288 | Lair:1   | 9288 ||| Stepping ~*~*~tactically~*~*~ (outnumbered).
  9305 | Lair:1   | 9305 ||| DRINKING 2 clear potions.
  9318 | Lair:2   | 9318 ||| Stepping ~*~*~tactically~*~*~ (outnumbered).
  9319 | Lair:2   | 9319 ||| Stepping ~*~*~tactically~*~*~ (outnumbered).
  9320 | Lair:2   | 9320 ||| Stepping ~*~*~tactically~*~*~ (outnumbered).
  9321 | Lair:2   | 9321 ||| Stepping ~*~*~tactically~*~*~ (outnumbered).
  9322 | Lair:2   | 9322 ||| Stepping ~*~*~tactically~*~*~ (outnumbered).
  9323 | Lair:2   | 9323 ||| Stepping ~*~*~tactically~*~*~ (outnumbered).
  9324 | Lair:2   | 9324 ||| Stepping ~*~*~tactically~*~*~ (outnumbered).
  9325 | Lair:2   | 9325 ||| Stepping ~*~*~tactically~*~*~ (outnumbered).
  9326 | Lair:2   | 9326 ||| Stepping ~*~*~tactically~*~*~ (outnumbered).
  9327 | Lair:2   | 9327 ||| Stepping ~*~*~tactically~*~*~ (outnumbered).
  9328 | Lair:2   | 9328 ||| Stepping ~*~*~tactically~*~*~ (outnumbered).
  9552 | Lair:2   | Noticed a seven-headed hydra
  9553 | Lair:2   | 9553 ||| INVOKING Fiery Armour.
  9558 | Lair:2   | Reached skill level 16 in Unarmed Combat
  9560 | Lair:2   | Killed a ten-headed hydra
  9612 | Lair:2   | 9612 ||| READING scroll of enchant armour.
  9612 | Lair:2   | 9612 ||| ENCHANTING +0 acid dragon scales.
  9892 | Lair:2   | 9892 ||| READING scroll labelled AGOKKO POHIGUAB.
  9924 | Lair:3   | Found a frozen archway.
  9925 | Lair:3   | 9925 ||| INVOKING Fiery Armour.
  9926 | Lair:3   | 9926 ||| STAIRDANCE
  9933 | Lair:3   | 9933 ||| STAIRDANCE
  9944 | Lair:3   | 9944 ||| STAIRDANCE
  9968 | Lair:3   | 9968 ||| STAIRDANCE
  9977 | Lair:3   | 9977 ||| STAIRDANCE
 10014 | Lair:3   | Noticed a lindwurm
 10016 | Lair:3   | 10016 ||| INVOKING Fiery Armour.
 10026 | Lair:3   | Killed a lindwurm
 10029 | Lair:3   | 10029 ||| Stepping ~*~*~tactically~*~*~ (hiding).
 10039 | Lair:3   | 10039 ||| FLEEEEING.
 10040 | Lair:3   | 10040 ||| FLEEEEING.
 10041 | Lair:3   | 10041 ||| STAIRDANCE
 10043 | Lair:2   | 10043 ||| PLANNING TEMPLE
 10203 | Temple   | Entered the Ecumenical Temple
 10304 | Temple   | 10304 ||| PLANNING CONVERSION TO OKAWARU
 10311 | Temple   | Fell from the grace of Ignis
 10311 | Temple   | Became a worshipper of Warmaster Okawaru
 10312 | Temple   | 10312 ||| PLANNING LAIR
 10533 | Lair:3   | 10533 ||| FLEEEEING.
 10534 | Lair:3   | 10534 ||| FLEEEEING.
 10535 | Lair:3   | 10535 ||| FLEEEEING.
 10536 | Lair:3   | 10536 ||| FLEEEEING.
 10559 | Lair:3   | Found a staircase to the Snake Pit.
 10563 | Lair:3   | 10563 ||| Stepping ~*~*~tactically~*~*~ (hiding).
 10565 | Lair:3   | 10565 ||| Stepping ~*~*~tactically~*~*~ (hiding).
 10621 | Lair:3   | 10621 ||| Stepping ~*~*~tactically~*~*~ (stealth).
 10656 | Lair:3   | Reached XP level 12. HP: 98/118 MP: 12/12
 10693 | Lair:3   | Noticed Prince Ribbit
 10699 | Lair:3   | Killed Prince Ribbit
 10724 | Lair:3   | Reached * piety under Okawaru
 10725 | Lair:3   | 10725 ||| INVOKING Heroism.
 10858 | Lair:3   | Reached skill level 17 in Unarmed Combat
 10858 | Lair:3   | Reached skill level 1 in Invocations
 10957 | Lair:3   | 10957 ||| Stepping ~*~*~tactically~*~*~ (stealth).
 10959 | Lair:3   | 10959 ||| Stepping ~*~*~tactically~*~*~ (stealth).
 10965 | Lair:3   | Noticed Kirke
 10966 | Lair:3   | 10966 ||| INVOKING Heroism.
 10989 | Lair:3   | HP: 26/118 [something (7)]
 10990 | Lair:3   | 10990 ||| READING 2 scrolls of teleportation.
 10991 | Lair:3   | 10991 ||| DRINKING potion of heal wounds.
 10991 | Lair:3   | HP: 2/118 [something (18)]
 10991 | Lair:3   | Slain by a hog

Levels and vault maps discovered:
D:1:      minmay_arrival_wavy_path, layout_basic,
          hellmonk_ecumenical_altar_zigzags, chequers_serial_rivers_large_a,
          columned_hall_lemuel
D:2:      layout_rooms, serial_shops, nicolae_shop_bloodbath_and_beyond
D:3:      layout_loops_cross, evilmike_ruin_ashenzari, uniq_robin
D:4:      layout_gridville
D:5:      layout_gridville, minmay_temple_entry_drinking_statues,
          minmay_pentangle
D:6:      layout_basic, dk_noncrumbling_2, wad_floor_pattern_untrapped,
          uniq_eustachio, uniq_grinder
D:7:      layout_basic, dk_noncrumbling_3, uniq_joseph, uniq_duvessa
D:8:      gammafunk_jiyva_shrine, layout_loops_ring,
          lemuel_zombie_altar_kikubaaqudgha
D:9:      layout_loops_ring, dpeg_oklobed_lair, st_stairs_14,
          minmay_misc_feat_enclosed, uniq_maggie
Temple:   nicolae_temple_slightly_damp_pantheon
Lair:1:   layout_cellular_growth, st_stairs_3, grunt_megastairs_5,
          infiniplex_staircase_pool
Lair:2:   layout_chaotic_city, serial_bayou_lagoon_a
Lair:3:   layout_regular_city, elwin_shoals_entry_rocks,
          minmay_snake_entry_guardpost_small, portal_ice_cave_entry_imps,
          uniq_nessos, uniq_prince_ribbit2, uniq_kirke

Skill      XL: |  1  2  3  4  5  6  7  8  9 10 11 12 |
---------------+-------------------------------------+-----
Unarmed Combat | 4 5 6 8 9 10 12 14 16 17 | 17.1
Fighting       | 3 4 5 6 7 |  7.0
Dodging        | 2 |  2.1
Throwing       | 2 4 |  4.1
Armour         | 2 3 |  3.1
Invocations    | 2 |  2.3
Spellcasting   | |  1.0
Fire Magic     | |  2.1

Action                   |  1- 3 |  4- 6 |  7- 9 | 10-12 || total
-------------------------+-------+-------+-------+-------++-------
Melee: Unarmed           |   113 |   166 |   207 |   274 ||   760
       Punch             |     1 |     3 |     5 |    15 ||    24
Throw: Boomerang         |       |     8 |       |    12 ||    20
       Javelin           |       |       |    27 |    83 ||   110
Invok: Fiery Armour      |     1 |     1 |     5 |     6 ||    13
       Heroism           |       |       |       |     2 ||     2
  Use: Scroll            |     4 |     4 |     6 |     7 ||    21
       Potion            |     1 |     1 |     1 |     4 ||     7
Armor: Robe              |    39 |    71 |    69 |    13 ||   192
       Acid dragon scale |       |       |       |    75 ||    75
Dodge: Dodged            |    48 |    70 |    76 |    73 ||   267
Block: Other             |    10 |    26 |    46 |    55 ||   137
       Reflection        |       |       |     4 |     4 ||     8

Table legend:
 A = Non-vault XP
 B = Vault XP
 C = Vault XP percentage of total XP
 D = Non-vault monster count
 E = Vault monster count
 F = Vault count percentage of total count
                 A         B        C        D         E       F
            +---------+---------+-------+---------+---------+-------
      Total |   20836 |    4702 |  18.4 |     259 |      48 |  15.6
            +---------+---------+-------+---------+---------+-------
        D:1 |      50 |       0 |   0.0 |      25 |       0 |   0.0
        D:2 |      97 |      34 |  26.0 |      30 |      11 |  26.8
        D:3 |     142 |       2 |   1.4 |      18 |       1 |   5.3
        D:4 |     427 |       0 |   0.0 |      24 |       0 |   0.0
        D:5 |     281 |       0 |   0.0 |      11 |       0 |   0.0
        D:6 |     958 |     470 |  32.9 |      19 |       2 |   9.5
        D:7 |    1690 |     666 |  28.3 |      32 |       3 |   8.6
        D:8 |    1247 |       3 |   0.2 |      22 |       2 |   8.3
        D:9 |    1766 |     629 |  26.3 |      30 |       2 |   6.2
     Lair:1 |    6647 |     367 |   5.2 |      20 |       3 |  13.0
     Lair:2 |    3789 |      72 |   1.9 |      13 |       7 |  35.0
     Lair:3 |    3742 |    2459 |  39.7 |      15 |      17 |  53.1
            +---------+---------+-------+---------+---------+-------
